 Dungeon Crawl Stone Soup version 0.25-a0-413-g3b4b6a4ccc (webtiles) character file.

Game seed: 18002443053374196643, levelgen mode: deterministic

2354 kae the Zephyrmancer (level 9, -2/57 HPs)
             Began as a Demonspawn Air Elementalist on Jan 16, 2020.
             Slain by Harold
             ... wielding a +0 trident
              (15 damage)
             ... on level 7 of the Dungeon.
             The game lasted 00:12:27 (10448 turns).

kae the Zephyrmancer (Demonspawn Air Elementalist) Turns: 10448, Time: 00:12:27

Health: -2/57      AC: 14    Str:  9    XL:     9   Next: 20%
Magic:  5/17       EV: 12    Int: 19    God:
Gold:   84         SH:  0    Dex: 14    Spells: 9/19 levels left

rFire    + . .     SeeInvis .   b - +2 hand axe (venom)
rCold    . . .     Gourm    .   (no shield)
rNeg     + . .     Faith    .   w - +0 robe {rN+}
rPois    .         Spirit   .   k - +1 helmet
rElec    .         Reflect  .   (no cloak)
rCorr    .         Harm     .   m - +1 pair of gloves
MR       .....                  (no boots)
Stlth    +++.......             (no amulet)
HPRegen  0.19/turn              h - ring of protection from fire
MPRegen  0.15/turn              d - +4 ring of protection

@: marked
A: hooves 1, iridescent scales 2, demonic guardian 1, nightstalker 1
a: no special abilities


You were on level 7 of the Dungeon.
You were hungry.

You visited 2 branches of the dungeon, and saw 8 of its levels.

You collected 312 gold pieces.
You spent 228 gold pieces at shops.

Inventory:

Hand Weapons
 a - a +1 whip of flaming
 b - a +2 hand axe of venom (weapon)
 q - a +0 spear
Armour
 k - a +1 helmet (worn)
 m - a +1 pair of gloves (worn)
 w - a +0 robe of positive energy (worn)
Jewellery
 d - a +4 ring of protection (right hand)
 h - a ring of protection from fire (left hand)
 v - a cursed amulet of inaccuracy {unknown}
 y - an uncursed amulet of regeneration {unknown}
Wands
 n - a wand of scattershot (5)
 o - a wand of clouds (4)
 s - a wand of iceblast (12)
 t - a wand of random effects (17)
 u - a wand of enslavement (7)
 B - a wand of flame (9)
 D - a wand of disintegration (18)
Scrolls
 g - 3 scrolls of teleportation
 p - 3 scrolls of remove curse
 A - a scroll of fog {unknown}
 E - a scroll of amnesia
Potions
 e - 4 potions of haste
 f - 2 potions of flight
 i - a potion of magic {unknown}
 j - a potion of invisibility {unknown}
 l - 4 potions of agility {unknown}
 r - 2 potions of lignification
 x - 3 potions of heal wounds
 z - 2 potions of brilliance {unknown}
 C - 3 potions of mutation
Comestibles
 c - 12 rations
 F - a chunk of flesh


   Skills:
 - Level 1.7 Dodging
 - Level 1.7 Stealth
 + Level 5.9 Spellcasting
 + Level 6.1 Conjurations
 * Level 8.5 Air Magic


You had 9 spell levels left.
You knew the following spells:

 Your Spells              Type           Power        Failure   Level  Hunger
a - Shock                 Conj/Air       ####         1%          1    None
b - Static Discharge      Conj/Air       ####....     1%          3    ##.....
c - Swiftness             Chrm/Air       ###.....     3%          2    None
d - Airstrike             Air            #####.....   3%          4    ####...

Your spell library contained the following spells:

 Spells                   Type           Power        Failure   Level  Hunger
 Lightning Bolt           Conj/Air       ####......   16%         5    #####..


Dungeon Overview and Level Annotations

Branches:
Dungeon (7/15)             Temple (1/1) D:7

Altars:
Ashenzari
Dithmenos
Gozag
Hepliaklqana
Makhleb
Okawaru
Ru
Trog
Uskayaw
Xom
Yredelemnul
The Shining One

Shops:
D:6 (   D:7 [!!

Annotations:
D:7 exclusion: door, Harold


Innate Abilities, Weirdness & Mutations

You have large cloven feet.
You are mostly covered in iridescent scales. (AC +4)
A weak demonic guardian rushes to your aid.
You are slightly more attuned to the shadows.


Message History

The lightning grounds out.
Harold gestures at you while chanting. A sentinel's mark forms upon you.
Harold hits you with a +0 trident!
Casting: Static Discharge (safe; 1% risk of failure)
Confirm with . or Enter, or press ? or * to list all spells.
Harold is struck by an arc of lightning.
Harold is moderately wounded.
You are struck by an arc of lightning.
The lightning grounds out.
Harold hits you with a +0 trident! Harold hits you with a +0 trident!
Casting: Static Discharge (safe; 1% risk of failure)
Confirm with . or Enter, or press ? or * to list all spells.
Harold is struck by an arc of lightning!
Harold is heavily wounded.
You are struck by an arc of lightning.
The lightning grounds out.
Harold hits you with a +0 trident!
* * * LOW HITPOINT WARNING * * *
Harold hits you with a +0 trident!
You die...

# #.....#
#.#,,#..#.##.#∩##... #
#.###.###.#*###+#.##.#[#..#.
# ###.# #.....#
#.....##.#...### # #...#
###.### #...#.##.#.#..#. #
#.#.# #.# ##.##.##.#.##...
####.#.#
#.######......<......#
.......#
#.#.[....##......#####
####.### #.#.####.........#
#.#######...@@....########
#...........#######
###########**


You could see Harold.

Vanquished Creatures
  Pikel (D:5)
  Edmund (D:5)
  Duvessa (D:7)
  An ice beast (D:7)
  An orc warrior (D:6)
  2 slaves (D:5)
  A black bear (D:6)
  2 centaurs
  Dowan (D:7)
  2 scorpions
  A water moccasin skeleton (D:7)
  A howler monkey (D:6)
  A crimson imp (D:5)
  An orc priest (D:4)
  3 hounds
  3 orc wizards
  A bullfrog skeleton (D:5)
  Ijyb (D:3)
  An iguana (D:7)
  3 worker ants
  A hound skeleton (D:7)
  A worker ant zombie (D:5)
  A howler monkey skeleton (D:4)
  19 adders
  2 shadow imps
  An ooze (D:2)
  3 adder skeletons (D:4)
  4 worms
  2 dart slugs
  5 leopard geckos
  12 orcs
  4 giant cockroaches
  8 hobgoblins
  8 jackals
  5 quokkas
  3 ball pythons
  12 bats
  5 frilled lizards
  6 goblins
  8 kobolds
  14 rats
153 creatures vanquished.

Vanquished Creatures (collateral kills)
  Grinder (D:5)
  2 slaves (D:5)
  An ice beast (D:6)
  A black bear (D:6)
  A scorpion (D:4)
  A howler monkey (D:4)
  An adder (D:6)
  An orc (D:6)
9 creatures vanquished.

Grand Total: 162 creatures vanquished

Notes
Turn   | Place    | Note
-------+----------+-------------------------------------------
     0 | D:1      | kae the Demonspawn Air Elementalist began the quest for the
                  | Orb.
     0 | D:1      | Reached XP level 1. HP: 13/13 MP: 3/3
   469 | D:1      | Reached skill level 3 in Air Magic
   469 | D:1      | Gained mutation: A weak demonic guardian rushes to your
                  | aid. [demonic ancestry]
   469 | D:1      | Reached XP level 2. HP: 19/19 MP: 0/5
  1203 | D:1      | You fall into a shaft and drop 1 floor!
  1211 | D:2      | Reached XP level 3. HP: 23/24 MP: 4/6
  1873 | D:2      | Reached XP level 4. HP: 30/30 MP: 1/7
  2638 | D:3      | Reached skill level 4 in Air Magic
  2884 | D:3      | Learned a level 2 spell: Swiftness
  2888 | D:3      | Learned a level 3 spell: Static Discharge
  3090 | D:3      | Noticed Ijyb
  3140 | D:3      | Gained mutation: You are slightly more attuned to the
                  | shadows. [demonic ancestry]
  3140 | D:3      | Reached XP level 5. HP: 35/35 MP: 4/9
  3256 | D:3      | Killed Ijyb
  3393 | D:3      | Found a burning altar of Makhleb.
  3789 | D:3      | Found a faded altar of an unknown god.
  4483 | D:4      | Reached XP level 6. HP: 41/41 MP: 7/11
  4504 | D:4      | Reached skill level 5 in Air Magic
  6105 | D:5      | Entered Level 5 of the Dungeon
  6118 | D:5      | Learned a level 4 spell: Airstrike
  6122 | D:5      | Gained mutation: You have large cloven feet. [demonic
                  | ancestry]
  6122 | D:5      | Reached XP level 7. HP: 34/46 MP: 1/12
  6197 | D:5      | Found a shadowy altar of Dithmenos.
  6203 | D:5      | Noticed Grinder
  6212 | D:5      | Noticed Pikel
  6219 | D:5      | Paralysed by Grinder for 3 turns
  6539 | D:5      | Killed Grinder
  6539 | D:5      | Reached skill level 6 in Air Magic
  6769 | D:5      | Found an opulent altar of Gozag.
  6771 | D:5      | Noticed Edmund
  6789 | D:5      | Killed Edmund
  7541 | D:5      | Killed Pikel
  7541 | D:5      | Reached skill level 5 in Spellcasting
  7541 | D:5      | Reached skill level 5 in Conjurations
  7541 | D:5      | Reached skill level 7 in Air Magic
  7541 | D:5      | Gained mutation: You are partially covered in iridescent
                  | scales. (AC +2) [demonic ancestry]
  7541 | D:5      | Reached XP level 8. HP: 52/52 MP: 1/15
  8093 | D:6      | Found a bloodstained altar of Trog.
  8407 | D:6      | Found Fuizxitzo's Antique Weapon Boutique.
  8584 | D:6      | Reached skill level 8 in Air Magic
  9202 | D:7      | Gained mutation: You are mostly covered in iridescent
                  | scales. (AC +4) [demonic ancestry]
  9202 | D:7      | Reached XP level 9. HP: 56/57 MP: 17/17
  9210 | D:7      | Found a staircase to the Ecumenical Temple.
  9233 | Temple   | Entered the Ecumenical Temple
  9443 | D:7      | Found Adwin's Armour Emporium.
  9519 | D:7      | Noticed Dowan
  9522 | D:7      | Noticed Duvessa
  9540 | D:7      | Killed Duvessa
  9543 | D:7      | Killed Dowan
  9681 | D:7      | Found Guguc's Distillery.
  9689 | D:7      | Bought a potion of mutation for 96 gold pieces
  9689 | D:7      | Bought a potion of degeneration for 12 gold pieces
  9697 | D:7      | Found Nephawan's Distillery.
  9702 | D:7      | Bought a potion of heal wounds for 75 gold pieces
  9702 | D:7      | Bought a potion of lignification for 45 gold pieces
  9833 | D:7      | Noticed Harold
 10448 | D:7      | Slain by Harold

Levels and vault maps discovered:
D:1:      shiori_shiawase, layout_basic, minmay_misc_feat_roman
D:2:      minmay_inner_zag, layout_basic, serial_glass, glass_columns_c,
          glass_columns_a, fountainhead
D:3:      layout_loops_corners, old_standard_altar,
          chequers_ecumenical_altar_lobes, uniq_ijyb
D:4:      layout_loops_ring, first_ration
D:5:      layout_basic, basic_altar, nicolae_dithmenos_through_a_glass_darkly,
          uniq_grinder, uniq_edmund, uniq_pikel
D:6:      layout_loops_ring, trog_ov_bears_minmay, serial_shops,
          kennysheep_little_box
D:7:      layout_loops_ring, minmay_temple_entry_wispy, serial_shops,
          nicolae_shop_window_shopping, shop, shop, grunt_livestock,
          uniq_duvessa, uniq_harold
Temple:   compressed_dpeg_triangle_lava_temple

Skill      XL: |  1  2  3  4  5  6  7  8  9 |
---------------+----------------------------+-----
Air Magic      | 3 4 5 7 8 |  8.5
Conjurations   | 2 3 5 6 |  6.1
Spellcasting   | 3 5 |  5.9
Dodging        | |  1.7
Stealth        | |  1.7

Action                   |  1- 3 |  4- 6 |  7- 9 || total
-------------------------+-------+-------+-------++-------
Melee: Unarmed           |    83 |       |       ||    83
       Short sword       |       |    96 |       ||    96
       Spear             |       |    44 |    27 ||    71
       Kick              |       |       |    16 ||    16
       Hand axe          |       |       |    38 ||    38
 Cast: Shock             |    71 |   128 |   108 ||   307
       Swiftness         |       |     1 |       ||     1
       Static Discharge  |       |    16 |    13 ||    29
       Airstrike         |       |     1 |    26 ||    27
Evoke: Wand              |       |       |     1 ||     1
  Use: Scroll            |     3 |     6 |     4 ||    13
       Potion            |       |       |     1 ||     1
 Stab: Sleeping          |       |     7 |     2 ||     9
       Distracted        |       |       |     1 ||     1
  Eat: Chunk             |     4 |    15 |     8 ||    27
       Ration            |       |       |     3 ||     3
Armor: Robe              |    25 |    32 |    62 ||   119
Dodge: Dodged            |    86 |   115 |    83 ||   284

Table legend:
 A = Non-vault XP
 B = Vault XP
 C = Vault XP percentage of total XP
 D = Non-vault monster count
 E = Vault monster count
 F = Vault count percentage of total count
                 A         B        C        D         E       F
            +---------+---------+-------+---------+---------+-------
      Total |    1909 |    1455 |  43.3 |     144 |      14 |   8.9
            +---------+---------+-------+---------+---------+-------
        D:1 |      40 |       0 |   0.0 |      26 |       0 |   0.0
        D:2 |      75 |      11 |  12.8 |      18 |       6 |  25.0
        D:3 |     151 |      38 |  20.1 |      36 |       1 |   2.7
        D:4 |     360 |       0 |   0.0 |      21 |       0 |   0.0
        D:5 |     304 |     960 |  75.9 |      10 |       3 |  23.1
        D:6 |     613 |     229 |  27.2 |      21 |       2 |   8.7
        D:7 |     366 |     217 |  37.2 |      12 |       2 |  14.3
            +---------+---------+-------+---------+---------+-------
